Cogmind - Beta 10.2 @@@ ROGUE MODE // 2021.12.24 @ 13:22:02 Player: Perseus Result: Escaped! Performance ------------- Evolutions (9) 4500 Regions Visited (32) 6400 Robots Destroyed (298) 1490 Value Destroyed (10289) 10289 Prototype IDs (133) 2660 Alien Tech Used (3) 600 Bonus (18762) 18762 TOTAL SCORE: 44701 Bonus ------- High Alert Combat Kills 692 Follower Combat Kills 1449 Entered Garrisons 200 Aligned with FarCom 300 Met Data Miner 300 Met Imprinter 300 Met Zhirov 300 Met Warlord at Base 500 MAIN.C Attacked Warlord 500 Met Warlord at Research 2000 Invited to Help at Command 2000 Destroyed MAIN.C Guards 500 Met MAIN.C 5000 Met Warlord at Command 2000 Met Architect 300 Win 3000 Friendly Fire -579 Cogmind --------- Core Integrity 1085/1600 Matter 270/300 Energy 372/380 System Corruption 1% Temperature Cool (8) Movement Flying (27) Location To Epsilon Eridani Parts ------- > --- POWER (3) -------- Micro Fission Core Micro Fission Core Zero-point Reactor > --- PROPULSION (7) --- Cooled Field Propulsion Drive Cooled Impulse Thruster Cooled Impulse Thruster Impulse Thruster Array > --- UTILITY (12) ----- Large Storage Unit Spectral Analyzer Long-range Sensor Array Advanced Terrain Scan Processor Advanced Targeting Computer Experimental Weapon Cycler Improved Maneuvering Thrusters Centrium Light Armor Plating Experimental Reclamation Unit > --- WEAPON (3) ------- Particle Cleaver > --- INVENTORY (10) --- Improved Quantum Reactor Vortex Chain Reactor Force Booster EM Dispersion Field Sensor Drone Bay (20/20) Enhanced Nova Cannon Micro-nuke Launcher Peak State ------------ > --- POWER ------------ Micro Fission Core Micro Fission Core Zero-point Reactor > --- PROPULSION ------- Experimental Biometal Heavy Treads Field Propulsion Array Cooled Impulse Thruster Impulse Thruster Array > --- UTILITY ---------- Advanced Power Amplifier Medium Storage Unit Large Storage Unit Spectral Analyzer Advanced Terrain Scan Processor Advanced Targeting Computer Experimental Weapon Cycler Improved Maneuvering Thrusters Cloak of Protection Improved Propulsion Shielding Experimental Weapon Shielding Centrium Light Armor Plating > --- WEAPON ----------- Gamma Rifle Enhanced Quantum Rifle KE Penetrator > --- INVENTORY -------- Improved Quantum Reactor Field Propulsion Array Experimental Matter Compressor Long-range Sensor Array Long-range Terrain Scanner Force Booster EM Dispersion Field Advanced Force Field Sensor Drone Bay Transdimensional Reconstructor Enhanced Nova Cannon Micro-nuke Launcher Particle Cleaver [Rating: 181] Favorites ----------- Power Micro Fission Core Engine Light Deuterium Engine Power Core Micro Fission Core Reactor Improved Quantum Reactor Propulsion Carbon-fiber Leg Treads Light Treads Leg Carbon-fiber Leg Wheel Compact Wheel Hover Unit Cooled Antigrav System Flight Unit Field Propulsion Array Utility Large Storage Unit Device Long-range Sensor Array Storage Large Storage Unit Processor Advanced Signal Interpreter Hackware System Mapper Protection Improved Propulsion Shielding Weapon Autogun Energy Gun Beamcaster Energy Cannon EM Pulse Cannon Ballistic Gun Autogun Ballistic Cannon Gauss Cannon Launcher Heavy Missile Launcher Impact Weapon Hammer Slashing Weapon Particle Cleaver Special Melee Weapon Datajack Build | -11 -10 -10 -10 -9 -8 -8 -8 -7 -7 -7 -7 -6 -6 -6 -6 -6 -5 -5 -5 -5 -5 -4 -4 -4 -4 -4 -3 -3 -2 -1 -1 -1 ------- Run | Scr Mat Min Exi Min Mat Gar Mat Fac Low Low Zio Pro Fac Low Low Dat Pro Fac Upp Upp War Pro Fac Upp Upp Zhi Pro Res Res Acc Com Ac0 Slots Evolved 18 | . . . . . 4 . . 2 . . . . 2 . . . . 2 . . . . 2 . . . . 2 2 2 . . Power 2 | . . . . . . . . . . . . . . . . . . 1 . . . . . . . . . 1 . . . . Propulsion 5 | . . . . . 1 . . 1 . . . . . . . . . 1 . . . . 1 . . . . 1 . . . . Utility 10 | . . . . . 2 . . 1 . . . . 2 . . . . . . . . . 1 . . . . . 2 2 . . Weapon 1 | . . . . . 1 . . . . . . . . . . . . . . . . . . . . . . . . . . . Parts Attached 805 | 7 24 7 1 18 75 20 14 43 17 22 6 19 17 30 27 2 42 92 31 7 25 22 24 20 7 10 11 33 53 11 55 13 Power 50 | 1 3 1 . 1 6 2 3 4 . . . 1 1 2 . . 3 6 . . 4 . 1 1 . 1 1 . 7 . 1 . Engine 23 | 1 3 1 . 1 5 1 2 3 . . . 1 1 2 . . . 2 . . . . . . . . . . . . . . Core 19 | . . . . . 1 1 1 1 . . . . . . . . 2 4 . . 3 . 1 1 . . . . 4 . . . Reactor 8 | . . . . . . . . . . . . . . . . . 1 . . . 1 . . . . 1 1 . 3 . 1 . Propulsion 127 | 2 5 . 1 4 18 5 3 6 7 5 2 3 4 2 1 . 4 14 4 . 4 2 3 . . 3 . 7 8 . 7 3 Treads 5 | . . . . . . 2 . 1 . . . . . . . . . 1 . . . . . . . . . . . . 1 . Leg 45 | . . . . 1 12 1 . 3 5 2 . 2 4 2 1 . 4 3 . . . . . . . 2 . . 1 . 2 . Wheel 23 | 2 . . . 2 5 . 3 1 2 3 2 1 . . . . . 1 1 . . . . . . . . . . . . . Hover 27 | . 5 . 1 . 1 . . 1 . . . . . . . . . 9 2 . 3 . 2 . . . . 3 . . . . Flight 27 | . . . . 1 . 2 . . . . . . . . . . . . 1 . 1 2 1 . . 1 . 4 7 . 4 3 Utility 337 | 2 7 . . 2 17 2 1 9 7 14 3 8 11 20 18 . 26 41 21 3 10 16 10 7 5 5 6 8 23 4 27 4 Device 247 | 1 4 . . 2 6 2 . 4 5 12 3 8 5 15 13 . 26 34 21 3 6 15 6 5 2 2 5 4 14 2 18 4 Storage 26 | 1 3 . . . 5 . . 2 1 . . . 1 . . . . 1 . . 1 . 2 . 2 2 . . . 1 4 . Processor 17 | . . . . . 4 . 1 1 1 1 . . 3 2 1 . . . . . 1 . . . 1 . . . . . 1 . Hackware 5 | . . . . . . . . . . . . . . . . . . 2 . . . . . . . . . 2 . . 1 . Protection 42 | . . . . . 2 . . 2 . 1 . . 2 3 4 . . 4 . . 2 1 2 2 . 1 1 2 9 1 3 . Artifact . | . . . . . . . . . . . . . . . . . . . . . . . . . . . . . . . . . Weapon 291 | 2 9 6 . 11 34 11 7 24 3 3 1 7 1 6 8 2 9 31 6 4 7 4 10 12 2 1 4 18 15 7 20 6 Energy Gun 109 | 1 4 2 . 2 14 3 1 11 . . . 1 . 4 2 1 4 14 2 . 5 2 5 3 1 1 . 8 6 1 9 2 Energy Cannon 45 | . . . . . 5 . . 2 2 2 1 2 1 1 . . 2 1 2 . . . 2 4 1 . 1 8 1 1 3 3 Ballistic Gun 59 | 1 4 1 . 1 5 3 3 4 . . . 2 . 1 3 . 2 5 2 3 . 2 3 4 . . 2 2 3 2 1 . Ballistic Cannon 8 | . . . . . 1 . . 1 . . . 1 . . . . . . . . 1 . . . . . . . 2 . 2 . Launcher 19 | . . 1 . 3 6 . . . 1 . . 1 . . 2 . . 3 . . . . . 1 . . 1 . . . . . Special Weapon . | . . . . . . . . . . . . . . . . . . . . . . . . . . . . . . . . . Impact Weapon 21 | . . . . 3 2 2 3 3 . . . . . . 1 . 1 6 . . . . . . . . . . . . . . Slashing Weapon 11 | . . . . . . 1 . 1 . . . . . . . . . . . . . . . . . . . . 1 3 4 1 Piercing Weapon . | . . . . . . . . . . . . . . . . . . . . . . . . . . . . . . . . . Special Melee Weapon 19 | . 1 2 . 2 1 2 . 2 . 1 . . . . . 1 . 2 . 1 1 . . . . . . . 2 . 1 . Unidentified Prototypes 54 | . . . . 1 4 . . 1 . . 1 . . . . . 2 4 . . 10 . 1 . . 3 . 1 8 . 14 4 Parts Lost 90 | . 1 1 . 7 11 6 2 16 1 . . . . 3 . . 4 19 . . 1 1 1 . . 3 . 1 . . 1 11 Power 11 | . . . . 1 1 2 1 2 . . . . . . . . 1 2 . . . . . . . 1 . . . . . . Propulsion 26 | . . . . 3 4 3 1 4 1 . . . . . . . . 6 . . . . . . . . . 1 . . . 3 Utility 15 | . 1 . . 1 . . . 3 . . . . . 1 . . . 2 . . . . . . . 1 . . . . 1 5 Weapon 38 | . . 1 . 2 6 1 . 7 . . . . . 2 . . 3 9 . . 1 1 1 . . 1 . . . . . 3 Highest Loss Streak 15 | . 1 1 . 2 3 3 2 15 1 . . . . 2 . . 3 7 . . 1 1 1 . . 3 . 1 . . 1 5 Average Slot Usage (%) 97 | . 99 100 100 95 96 97 98 90 99 100 99 100 100 99 100 100 99 96 99 100 99 99 93 94 94 93 92 89 87 87 87 77 Engine 4 | . 14 14 14 14 6 1 2 5 7 7 7 7 6 6 6 6 . 3 . . . . . . . . . . . . . . Core 3 | . . . . . 2 6 5 . . . . . . . . . 2 5 11 11 11 11 10 10 10 8 5 4 7 8 8 8 Leg 11 | . . . . 2 10 6 5 8 23 21 15 17 26 26 26 26 26 8 . . . . . . . 4 . . . . . . Wheel 4 | . . . . 5 15 4 9 14 5 8 15 12 . . . . . 1 3 . . . . . . . . . . . . . Hover 7 | . 27 28 28 12 . . . 1 . . . . . . . . . 16 24 29 25 23 18 21 21 21 21 9 . . . . Flight 2 | . . . . 5 . . . . . . . . . . . . . . . . 2 4 6 5 5 2 5 18 18 16 15 16 Device 10 | . 13 14 14 14 6 6 9 7 7 6 6 7 10 12 12 13 13 9 11 11 10 10 10 13 15 7 9 7 7 11 11 19 Storage 12 | . 14 14 14 14 13 18 18 15 15 15 15 15 13 13 13 13 13 11 11 11 11 11 10 10 10 14 15 9 8 8 8 5 Processor 14 | . . . . . 10 11 9 11 15 15 15 15 20 19 20 20 20 17 17 17 17 17 15 15 15 15 15 11 8 8 8 12 Protection 1 | . . . . . 2 . . . . . . . 2 . . . . . . . . . 4 1 . 1 . . 8 11 9 4 Energy Gun 7 | . 11 14 . 4 8 7 8 10 . . . . 6 7 12 8 11 4 10 10 7 11 7 9 9 8 5 8 7 7 5 5 Energy Cannon 3 | . . . . . 3 . . 2 13 14 7 12 6 1 . . . . . . . . 2 . . . . . . . . . Ballistic Gun 7 | . 16 14 14 6 11 15 15 4 7 7 7 7 6 10 4 6 7 8 4 5 5 4 3 4 5 5 7 4 4 3 4 2 Naked Turns . | . . . . . . . . . . . . . . . . . . . . . . . . . . . . . . . . . Heaviest Build 87 | 12 18 18 17 33 50 40 40 70 69 74 68 83 80 61 58 51 64 67 57 51 59 56 67 67 71 79 87 79 85 87 87 87 Greatest Support 96 | 20 22 22 22 22 48 40 42 42 76 26 28 70 80 70 70 70 96 96 82 60 79 79 79 79 79 79 79 83 88 88 88 88 Greatest Overweight (x) 7 | 1 1 . . 2 2 3 2 4 6 7 2 2 . . . . . 4 1 . . . . . . 2 1 2 . . 1 . Average Overweight (x) . | . . . . . . . . 1 4 5 2 1 . . . . . . . . . . . . . . . . . . . . Largest Inventory Capacity 20 | 6 10 8 8 8 14 14 14 18 18 18 18 18 18 14 14 14 14 14 14 14 14 14 14 14 16 20 20 20 14 16 16 14 Average Capacity 14 | 5 7 8 8 8 11 14 14 14 18 18 18 18 15 14 14 14 14 14 14 14 14 14 14 14 14 19 20 14 14 14 14 11 Most Carried 20 | 4 8 8 8 8 14 14 14 18 18 18 18 18 16 14 14 14 14 14 14 14 14 14 14 14 16 20 20 20 14 15 16 14 Average Carried 14 | 2 7 7 7 7 10 13 13 12 17 18 17 17 14 13 13 14 13 13 13 13 13 13 13 13 14 17 19 14 13 13 14 10 Final Capacity 20 | 6 8 8 8 8 14 14 14 18 18 18 18 18 14 14 14 14 14 14 14 14 14 14 14 14 16 20 20 14 14 16 14 10 Final Carried 20 | 4 8 8 8 7 14 14 14 18 18 18 18 16 14 14 14 14 14 14 14 14 14 14 14 14 16 20 20 14 14 15 14 8 Class Distribution -------------------- 30% | Scavenger-Mutant 21% | Scavenger-Skirmisher 10% | Mutant 9% | Scavenger-Scout 8% | Scout 3% | Hacker-Scout 3% | Scavenger-Gunner Dominant Class ---------------- Mutant | -10/Materials Mutant | -10/Mines Mutant | -10/Exiles Scavenger-Mutant | -9/Mines Scavenger-Skirmisher | -8/Materials Scavenger-Skirmisher | -8/Garrison Scavenger-Skirmisher | -8/Materials Scavenger-Skirmisher | -7/Factory Mutant | -7/Lower Caves Scavenger-Mutant | -7/Lower Caves Scavenger-Mutant | -7/Zion Scavenger-Mutant | -6/Proximity Caves Scavenger-Skirmisher | -6/Factory Scavenger-Mutant | -6/Lower Caves Scavenger-Mutant | -6/Lower Caves Scavenger-Mutant | -6/Data Miner Scavenger-Skirmisher | -5/Proximity Caves Scavenger-Skirmisher | -5/Factory Scavenger-Scout | -5/Upper Caves Scavenger-Scout | -5/Upper Caves Scavenger-Scout | -5/Warlord Scavenger-Scout | -4/Proximity Caves Derelict-Scout | -4/Factory Scout | -4/Upper Caves Scout | -4/Upper Caves Hauler-Mutant | -4/Zhirov Hauler-Scout | -3/Proximity Caves Hacker-Scout | -3/Research Hacker-Scout | -2/Research Scavenger-Scout | -1/Access Hacker-Scout | -1/Command Generator-Sprinter | -1/Access_0 Resources | -11 -10 -10 -10 -9 -8 -8 -8 -7 -7 -7 -7 -6 -6 -6 -6 -6 -5 -5 -5 -5 -5 -4 -4 -4 -4 -4 -3 -3 -2 -1 -1 -1 ----------- Run | Scr Mat Min Exi Min Mat Gar Mat Fac Low Low Zio Pro Fac Low Low Dat Pro Fac Upp Upp War Pro Fac Upp Upp Zhi Pro Res Res Acc Com Ac0 Matter Collected 12274 | 282 311 99 10 261 1216 244 164 576 219 364 45 320 132 676 410 . 728 1219 400 74 304 276 308 305 135 435 145 350 1325 118 823 . Remotely . | . . . . . . . . . . . . . . . . . . . . . . . . . . . . . . . . . Salvage Created 16357 | 165 764 197 . 317 2596 312 137 826 287 1317 . 655 178 1010 709 . 974 1556 290 691 . 226 521 373 487 498 113 50 548 98 462 . Parts 606 | 15 39 20 . 25 120 20 6 32 4 7 . 17 10 34 28 . 29 72 13 13 . 9 15 6 17 6 6 . 20 3 20 . Haulers Intercepted 14 | . 2 . . . 6 . . 2 . . . . . . . . . 2 . . . . . . 1 . . . . 1 . . Recyclers Shooed 10 | . 3 . . . 2 . . 2 . . . . . . . . . . . . . . 1 . . . . . . . 2 . Parts Field Recycled . | . . . . . . . . . . . . . . . . . . . . . . . . . . . . . . . . . Retrieved Matter . | . . . . . . . . . . . . . . . . . . . . . . . . . . . . . . . . . Parts Self-Destructed 190 | . . . . . . . . . 9 9 . 18 . 20 16 . 25 . 6 2 64 3 . . 14 . 4 . . . . . Prevented 60 | . . . . . . . . . 2 . . 10 . 5 6 . 18 . . . . 3 . 8 3 4 1 . . . . . Kills | -11 -10 -10 -10 -9 -8 -8 -8 -7 -7 -7 -7 -6 -6 -6 -6 -6 -5 -5 -5 -5 -5 -4 -4 -4 -4 -4 -3 -3 -2 -1 -1 -1 ------- Run | Scr Mat Min Exi Min Mat Gar Mat Fac Low Low Zio Pro Fac Low Low Dat Pro Fac Upp Upp War Pro Fac Upp Upp Zhi Pro Res Res Acc Com Ac0 Combat Hostiles Destroyed 210 | . 12 6 . 12 39 10 1 13 3 2 . 5 3 11 14 . 13 35 2 . . 4 2 8 4 . 3 . 6 . 2 . Melee 8 | . . . . 3 1 4 . . . . . . . . . . . . . . . . . . . . . . . . . . Guns 119 | . 12 3 . 2 15 5 1 9 . . . 1 2 9 7 . 12 17 2 . . 4 2 2 4 . 2 . 6 . 2 . Cannons 15 | . . . . . 7 . . 2 1 2 . 1 1 1 . . . . . . . . . . . . . . . . . . AOE 57 | . . 3 . 6 11 . . 1 2 . . 3 . 1 7 . . 17 . . . . . 5 . . 1 . . . . . Classes Destroyed 23 | 2 5 1 . 2 4 . 1 1 1 1 . . . 1 . . 1 . 1 . . . . . . . . . 2 . . . Worker 19 | . 3 2 . 4 5 . . 1 . . . . . . . . . 4 . . . . . . . . . . . . . . Tunneler 14 | 5 . 1 . 3 2 . 1 . . . . . . . . . . 2 . . . . . . . . . . . . . . Hauler 14 | . 2 . . . 6 . . 2 . . . . . . . . . 2 . . . . . . 1 . . . . 1 . . Recycler 16 | 1 2 . . . 6 . 1 . . . . . . . . . . 1 . . . . 3 . . . . . . . 2 . Minesweeper 13 | . . . . . . . . . 1 1 . . . 2 4 . 1 . 1 . . 2 . 1 . . . . . . . . Mechanic 1 | . . . . . 1 . . . . . . . . . . . . . . . . . . . . . . . . . . . Operator 3 | . . . . . 3 . . . . . . . . . . . . . . . . . . . . . . . . . . . Watcher 10 | . 3 . . . 4 . . 1 . . . . . . . . . 1 . . . . . . . . . 1 . . . . Swarmer 73 | . 6 3 . 7 10 4 . . 2 2 . . . . 8 . 1 19 . . . 3 . 5 . . 3 . . . . . Saboteur 1 | . . . . . . . . . . . . . . . . . 1 . . . . . . . . . . . . . . . Grunt 75 | . 6 2 . 2 20 5 . 7 1 . . 4 1 4 4 . 4 6 . . . 1 . 2 4 . . . 2 . . . Brawler 5 | . . . . 1 . . . . . . . . . . 1 . 3 . . . . . . . . . . . . . . . Duelist 5 | . . . . . 1 . . . . . . . . 2 . . 1 . . . . . . 1 . . . . . . . . Protector 2 | . . . . . 1 . . . . . . . . . . . . 1 . . . . . . . . . . . . . . Sentry 17 | . . 1 . . 7 1 . 3 . . . . 1 . 1 . 1 1 . . . . . . . . . . 1 . . . Hunter 6 | . . . . . . . 1 . . . . 1 . . . . 2 . 1 . . . . . . . . . 1 . . . Programmer 15 | . . . . . . . . 3 . . . . 1 . . . . 8 1 . . . 2 . . . . . . . . . M Guard 1 | . . . . . . . . . . . . . . . . . . . . . . . . . . . . . . . 1 . Striker 1 | . . . . . . . . . . . . . . . . . . . . . . . . . . . . . 1 . . . Executioner 1 | . . . . . . . . . . . . . . . . . . . . . . . . . . . . . 1 . . . Decomposer 13 | . . . . . . . . . . 2 . 3 . . 2 . . . 3 . . . . 3 . . . . . . . . Packrat 4 | . . . . . . . . . . 1 . . . 2 . . . . . . . . . . 1 . . . . . . . Samaritan 18 | . . . . . . . . . . 1 . 1 . . 2 . 2 . 1 9 . . . 1 . . . . 1 . . . Tinkerer 1 | . . . . . . . . . . . . . . . . . . . 1 . . . . . . . . . . . . . Assembled 2 | . . . . 2 . . . . . . . . . . . . . . . . . . . . . . . . . . . . Thug 4 | . . . . . . . . . . . . . . 4 . . . . . . . . . . . . . . . . . . Butcher 1 | . . . . . . . . . . . . . . . . . . . . . . . . . . . . . . . 1 . Mutant 1 | . . . . . . . . . . . . . . 1 . . . . . . . . . . . . . . . . . . Best Kill Streak 15 | 6 6 5 . 5 7 5 1 3 2 2 . 2 1 2 4 . 2 15 1 . . 2 2 5 2 . 3 1 2 1 2 . Combat Bots Only 14 | . 3 3 . 4 6 5 1 3 2 2 . 2 1 2 4 . 2 14 1 . . 2 2 5 2 . 3 . 2 . 2 . Max Kills in Single Turn 4 | 1 3 3 . 3 4 2 1 1 1 1 . 1 1 1 3 . 1 4 1 1 . 1 1 3 1 . 1 1 1 1 1 . Gunslinging 1 | . 1 . . . . . . . . . . . . . . . . . . . . . . . . . . . . . . . Exploded 4 | . . 2 . 3 2 . . 1 1 . . 1 . 1 3 . . 4 . . . . . 3 . . 1 . . . . . Melee 2 | . . . . 1 1 2 . . . . . . . . . . . . . . . . . . . . . . . . . . Uniques/NPCs Destroyed . | . . . . . . . . . . . . . . . . . . . . . . . . . . . . . . . . . Combat | -11 -10 -10 -10 -9 -8 -8 -8 -7 -7 -7 -7 -6 -6 -6 -6 -6 -5 -5 -5 -5 -5 -4 -4 -4 -4 -4 -3 -3 -2 -1 -1 -1 -------- Run | Scr Mat Min Exi Min Mat Gar Mat Fac Low Low Zio Pro Fac Low Low Dat Pro Fac Upp Upp War Pro Fac Upp Upp Zhi Pro Res Res Acc Com Ac0 Damage Taken 14607 | . 241 275 . 670 1932 704 241 2071 47 117 . 315 53 423 201 . 911 2180 71 . 327 226 316 13 22 419 235 . 195 . 227 2175 Core 2161 | . 40 73 . 120 302 121 77 430 16 . . . 12 37 33 . 97 263 15 . 101 42 39 . . 10 . . . . 3 330 Absorbed by Shields 121 | . . . . . . . . . . . . . . . . . . . . . 8 . . . . . . . . . . 113 Core Remaining (%) 64 | 100 . . . 6 . . 9 . . . . 36 . . . . 78 . . . . 57 . . . . 95 100 100 . . 67 Volleys Fired 1159 | 12 73 27 . 15 129 18 7 75 16 58 . 26 7 75 40 . 72 75 28 48 18 31 35 47 40 36 9 20 62 5 41 14 Largest 3 | 2 2 2 . 2 3 3 3 3 3 3 . 3 3 3 3 . 3 3 3 1 3 3 3 3 2 3 3 1 3 1 3 2 Hottest 224 | 60 60 70 . 76 180 115 115 178 154 154 . 154 177 177 171 . 168 224 157 65 169 221 185 186 116 186 148 90 204 120 202 127 Shots Fired 2004 | 24 129 49 . 17 300 36 17 163 25 70 . 54 18 115 52 . 176 171 42 48 31 53 60 57 50 44 13 20 100 5 50 15 Gun 1707 | 24 129 47 . 7 219 36 17 136 5 36 . 23 12 101 46 . 174 155 38 48 31 53 51 48 48 44 9 10 99 3 47 11 Cannon 250 | . . . . . 71 . . 27 18 34 . 28 6 14 . . 2 7 4 . . . 9 6 2 . 2 10 1 2 3 4 Launcher 47 | . . 2 . 10 10 . . . 2 . . 3 . . 6 . . 9 . . . . . 3 . . 2 . . . . . Special . | . . . . . . . . . . . . . . . . . . . . . . . . . . . . . . . . . Kinetic 837 | 12 72 22 . 4 129 18 12 58 6 36 . 19 6 81 14 . 86 82 8 1 18 11 15 12 13 4 3 1 60 2 31 1 Thermal 619 | 12 29 3 . 3 98 18 5 94 5 7 . 10 6 21 13 . 57 52 11 . 5 16 35 25 28 13 2 10 13 2 13 13 Explosive 40 | . . 2 . 10 3 . . . 2 . . 3 . . 6 . . 9 . . . . . 3 . . 2 . . . . . Electromagnetic 508 | . 28 22 . . 70 . . 11 12 27 . 22 6 13 19 . 33 28 23 47 8 26 10 17 9 27 6 9 27 1 6 1 Robot Hit Streak 26 | 5 7 10 . 15 15 19 26 24 11 11 . 8 8 12 8 . 20 24 8 10 6 6 8 10 7 15 5 6 13 12 13 . Robot Miss Streak 6 | 2 4 2 . 2 6 1 2 4 2 3 . 1 2 6 2 . 4 4 2 3 4 3 2 4 4 1 1 3 6 . 5 . Penetration Max 1 | . . . . . . . . . . . . . . 1 . . 1 1 . . . . . . 1 1 . . 1 1 1 . Secondary Targets 12 | . 1 . . . 2 3 . . . . . . . 1 . . 2 2 . . . . 1 . . . . . . . . . Max Gunslinging Chain 1 | . 1 . . . 1 1 . . . . . . . 1 . . 1 1 . . . . 1 . . . . . . . . . Shots Hit Robots 1399 | 15 65 36 4 29 235 37 13 136 18 51 1 40 14 76 44 1 108 128 22 33 28 30 38 28 26 38 5 6 55 4 35 . Core Hits 624 | 9 37 15 . 24 97 16 8 35 11 22 . 23 5 29 27 . 36 76 11 17 6 8 13 19 16 18 6 1 23 4 12 . Critical Hits 36 | . 1 . . . 3 . . 3 . . . 1 1 3 3 . 4 . 1 2 . 1 . . . 1 . . 7 . 5 . Critical Kills 15 | . . . . . 1 . . 1 . . . . 1 2 3 . . . 1 1 . . . . . 1 . . 4 . . . Critical Parts Destroyed 18 | . 1 . . . 2 . . 2 . . . 1 . 1 . . 4 . . 1 . 1 . . . . . . 2 . 3 . Melee Attacks 247 | . . 1 4 54 44 20 . 21 . . 1 . . . 11 1 1 30 . . 11 . . . . . . . 4 8 35 1 Impact 172 | . . . . 52 43 17 . 18 . . . . . . 11 . 1 30 . . . . . . . . . . . . . . Slashing 47 | . . . . . . 3 . . . . . . . . . . . . . . . . . . . . . . 1 8 34 1 Piercing . | . . . . . . . . . . . . . . . . . . . . . . . . . . . . . . . . . Sneak Attacks 58 | . . 1 4 7 7 . . 4 . . 1 . . . 9 1 . 5 . . 11 . . . . . . . 3 1 4 . Combat Hostiles 5 | . . 1 . 1 3 . . . . . . . . . . . . . . . . . . . . . . . . . . . Follow-up Attacks 5 | . . . . . . 5 . . . . . . . . . . . . . . . . . . . . . . . . . . Damage Inflicted 35826 | 167 791 706 . 1506 5360 737 182 2594 593 1023 . 1422 314 1407 2261 . 2135 4958 456 961 245 548 885 1257 862 688 330 270 1530 276 1362 . Guns 20748 | 167 662 385 . 60 2027 360 182 1656 29 481 . 329 166 1073 699 . 2104 2379 456 961 245 548 860 811 808 688 133 270 1530 69 610 . Cannons 3495 | . . . . . 1159 . . 568 311 501 . 445 148 262 . . . 101 . . . . . . . . . . . . . . Explosions 6852 | . 129 321 . 826 1278 . . . 253 41 . 648 . 72 738 . 31 1793 . . . . 25 446 54 . 197 . . . . . Melee 4730 | . . . . 620 895 377 . 370 . . . . . . 824 . . 685 . . . . . . . . . . . 207 752 . Ramming 1 | . . . . . 1 . . . . . . . . . . . . . . . . . . . . . . . . . . . Kinetic 9064 | 63 270 134 . 18 1072 206 113 676 29 481 . 289 73 791 236 . 913 1109 74 . 126 55 279 173 325 125 30 30 873 69 432 . Thermal 8057 | 104 261 37 . 214 1178 154 69 1423 183 62 . 259 93 354 190 . 683 859 48 . 72 143 417 249 358 268 . . 251 . 128 . Explosive 5484 | . . 321 . 654 692 . . . 152 . . 526 . . 703 . . 1793 . . . . . 446 . . 197 . . . . . Electromagnetic 8490 | . 260 214 . . 1522 . . 125 229 480 . 348 148 262 308 . 539 512 334 961 47 350 189 389 179 295 103 240 406 . 50 . Impact 3659 | . . . . 620 895 265 . 370 . . . . . . 824 . . 685 . . . . . . . . . . . . . . Slashing 1071 | . . . . . . 112 . . . . . . . . . . . . . . . . . . . . . . . 207 752 . Piercing . | . . . . . . . . . . . . . . . . . . . . . . . . . . . . . . . . . Highest Corruption 4 | . . . . 3 . . . 1 1 1 1 . . . . . . 4 1 . . . 1 . . 1 1 . 1 . 1 1 Average Corruption 1 | . . . . 3 . . . 1 1 1 1 . . . . . . 2 1 . . . 1 . . 1 1 . 1 . 1 1 Corruption Purged 12 | . . . . . . . . . . . . . . . . . . 6 1 . . . 1 . . . 1 . 2 . 1 . Effects 58 | . . . . 13 . . . 4 8 11 . . . . . . . 16 . . . . . . . . . . 1 . 3 2 Message Errors 18 | . . . . 4 . . . . 1 5 . . . . . . . 5 . . . . . . . . . . . . 2 1 Matter Fused 4 | . . . . 3 . . . . . . . . . . . . . 1 . . . . . . . . . . . . . . Heat Flow Errors 4 | . . . . 2 . . . . . . . . . . . . . 2 . . . . . . . . . . . . . . Energy Discharges 15 | . . . . 2 . . . 3 4 1 . . . . . . . 3 . . . . . . . . . . . . 1 1 Data Loss (minor) 6 | . . . . 1 . . . . 2 2 . . . . . . . . . . . . . . . . . . 1 . . . Targeting Errors 9 | . . . . . . . . 1 1 2 . . . . . . . 5 . . . . . . . . . . . . . . Weapon Failures 2 | . . . . 1 . . . . . 1 . . . . . . . . . . . . . . . . . . . . . . Overload Shots . | . . . . . . . . . . . . . . . . . . . . . . . . . . . . . . . . . Overflow Damage 1668 | . . 17 . 212 426 36 . 30 4 105 . 84 17 . 466 . . 219 . . . . . 50 . . 2 . . . . . Projectiles 304 | . . . . . 116 . . 19 4 105 . 43 17 . . . . . . . . . . . . . . . . . . . Explosions 451 | . . 17 . 105 161 . . . . . . 41 . . 42 . . 33 . . . . . 50 . . 2 . . . . . Melee 913 | . . . . 107 149 36 . 11 . . . . . . 424 . . 186 . . . . . . . . . . . . . . Knockbacks 14 | . . . . 1 5 . . 3 . . . . . . 4 . . 1 . . . . . . . . . . . . . . Impact 12 | . . . . 1 5 . . 1 . . . . . . 4 . . 1 . . . . . . . . . . . . . . Kinetic 2 | . . . . . . . . 2 . . . . . . . . . . . . . . . . . . . . . . . . Secondary . | . . . . . . . . . . . . . . . . . . . . . . . . . . . . . . . . . Self-Inflicted Damage 249 | . . . . 141 51 . . . . . . 24 . . 33 . . . . . . . . . . . . . . . . . Shots 9 | . . . . 4 2 . . . . . . 1 . . 2 . . . . . . . . . . . . . . . . . Rammed . | . . . . . . . . . . . . . . . . . . . . . . . . . . . . . . . . . Targets Rammed 1 | . . . . . 1 . . . . . . . . . . . . . . . . . . . . . . . . . . . Kicked 1 | . . . . . 1 . . . . . . . . . . . . . . . . . . . . . . . . . . . Crushed . | . . . . . . . . . . . . . . . . . . . . . . . . . . . . . . . . . Highest Temperature 313 | 40 96 116 . 246 294 21 . 313 81 307 . 122 135 203 81 . 234 288 204 188 230 300 137 150 91 90 2 16 258 68 144 78 Average Temperature 57 | 18 21 37 . 85 81 6 . 81 24 64 . 30 58 60 28 . 71 62 54 87 73 84 28 40 33 49 1 7 69 39 50 28 Received Heat Transfer 3017 | . 72 87 . 168 891 225 . 741 . . . 45 18 135 9 . 87 207 . . . 54 . . . 18 . . 9 . 18 233 Effects 10 | . . . . . 7 . . . . . . . . . . . . 3 . . . . . . . . . . . . . . Energy Bleed 1 | . . . . . 1 . . . . . . . . . . . . . . . . . . . . . . . . . . . Interference 9 | . . . . . 6 . . . . . . . . . . . . 3 . . . . . . . . . . . . . . Siege Activations . | . . . . . . . . . . . . . . . . . . . . . . . . . . . . . . . . . Robots Corrupted 16 | . . . . . 2 . . . . 1 . . . . . . 1 . . 4 . 2 1 2 1 1 . 1 . . . . Combat Hostiles 4 | . . . . . 1 . . . . . . . . . . . 1 . . . . . . 1 . 1 . . . . . . Parts Fried 91 | . . . . 5 14 . . 2 1 4 . . . 2 3 . 6 8 4 22 . 4 3 6 1 . . 3 3 . . . Impact Corruptions 47 | . . . . 6 10 4 . 1 . . . . . . 19 . . 7 . . . . . . . . . . . . . . Robots Melted . | . . . . . . . . . . . . . . . . . . . . . . . . . . . . . . . . . Combat Hostiles . | . . . . . . . . . . . . . . . . . . . . . . . . . . . . . . . . . Parts Melted 21 | . 3 1 . . 2 . . 3 . . . 2 2 . . . 1 2 3 . . . 2 . . . . . . . . . Heat Transferred 14034 | 225 500 111 . 311 2369 296 148 2627 198 87 . 409 185 642 346 . 1197 1362 74 . 92 235 850 407 531 444 . . 240 . 148 . Parts Sabotaged . | . . . . . . . . . . . . . . . . . . . . . . . . . . . . . . . . . Parts Stolen . | . . . . . . . . . . . . . . . . . . . . . . . . . . . . . . . . . Parts Stripped . | . . . . . . . . . . . . . . . . . . . . . . . . . . . . . . . . . Power Chain Reactions 14 | . 2 . . . 4 . . . 1 1 . 2 . 1 1 . 1 . . . . . . . 1 . . . . . . . Missiles Intercepted . | . . . . . . . . . . . . . . . . . . . . . . . . . . . . . . . . . Alert | -11 -10 -10 -10 -9 -8 -8 -8 -7 -7 -7 -7 -6 -6 -6 -6 -6 -5 -5 -5 -5 -5 -4 -4 -4 -4 -4 -3 -3 -2 -1 -1 -1 ------- Run | Scr Mat Min Exi Min Mat Gar Mat Fac Low Low Zio Pro Fac Low Low Dat Pro Fac Upp Upp War Pro Fac Upp Upp Zhi Pro Res Res Acc Com Ac0 Peak Influence 987 | 30 410 240 . 240 793 987 501 568 . . . . 226 . . . . 850 . . . . 131 . . . . 96 764 484 328 . Initial 515 | . 19 100 . . 72 515 481 138 . . . . 12 . . . . 139 . . . . . . . . . 3 54 388 197 . Average 322 | 11 272 155 . 101 260 822 430 203 . . . . 92 . . . . 570 . . . . 29 . . . . 32 304 400 222 . Maximum Alert Level 3 | . 2 1 . 1 3 3 2 2 . . . . 1 . . . . 3 . . . . . . . . . . 3 2 1 . Low Security (%) 46 | 100 17 55 . 89 65 . . 60 . . . . 89 . . . . 20 . . . . 100 . . . . 100 56 . 23 . Level 1 20 | . 71 44 . 10 7 . 29 31 . . . . 10 . . . . 6 . . . . . . . . . . 7 20 76 . Level 2 15 | . 10 . . . 19 14 70 7 . . . . . . . . . 10 . . . . . . . . . . 28 79 . . Level 3 17 | . . . . . 7 85 . . . . . . . . . . . 62 . . . . . . . . . . 6 . . . Level 4 . | . . . . . . . . . . . . . . . . . . . . . . . . . . . . . . . . . Level 5 . | . . . . . . . . . . . . . . . . . . . . . . . . . . . . . . . . . High Security . | . . . . . . . . . . . . . . . . . . . . . . . . . . . . . . . . . Max Security . | . . . . . . . . . . . . . . . . . . . . . . . . . . . . . . . . . Squads Dispatched 38 | . 5 . . . 6 . 1 6 . . . 1 . . . . 1 9 . . . . 3 . . . . 1 1 3 1 . Investigation 12 | . 4 . . . 2 . . 1 . . . . . . . . . 2 . . . . 1 . . . . 1 1 . . . Extermination 8 | . . . . . . . . 3 . . . . . . . . . 3 . . . . 1 . . . . . . . 1 . Reinforcement 7 | . 1 . . . 2 . 1 1 . . . . . . . . . . . . . . 1 . . . . . . 1 . . Assault 6 | . . . . . 1 . . . . . . 1 . . . . 1 1 . . . . . . . . . . . 2 . . Garrison 5 | . . . . . 1 . . 1 . . . . . . . . . 3 . . . . . . . . . . . . . . Intercept . | . . . . . . . . . . . . . . . . . . . . . . . . . . . . . . . . . Construction Impeded . | . . . . . . . . . . . . . . . . . . . . . . . . . . . . . . . . . Haulers Reinforced 1 | . . . . . . . . . . . . . . . . . . . . . . . . . . . . . . 1 . . Stealth | -11 -10 -10 -10 -9 -8 -8 -8 -7 -7 -7 -7 -6 -6 -6 -6 -6 -5 -5 -5 -5 -5 -4 -4 -4 -4 -4 -3 -3 -2 -1 -1 -1 --------- Run | Scr Mat Min Exi Min Mat Gar Mat Fac Low Low Zio Pro Fac Low Low Dat Pro Fac Upp Upp War Pro Fac Upp Upp Zhi Pro Res Res Acc Com Ac0 Distress Signals 16 | . 2 1 . . 5 . . . . . . . . . . . . . . . . . . . 1 . . 1 4 . 2 . Communications Jammed 1 | . . . . . . . . . . . . . . . . . . 1 . . . . . . . . . . . . . . Distress Signals . | . . . . . . . . . . . . . . . . . . . . . . . . . . . . . . . . . Times Spotted 449 | . 26 7 . 14 71 14 3 30 6 5 . 19 5 10 17 . 24 44 2 . 30 6 12 12 13 3 3 2 32 4 7 28 Peak Tracking Total 21 | . 4 3 . 4 7 5 2 5 3 3 . 7 3 4 4 . 5 9 1 . 9 2 4 3 5 3 3 4 10 4 4 21 Tactical Retreats 86 | . 4 . . 3 4 1 . 8 . . . . . 8 10 . 9 3 . . . 3 . 8 14 . . 2 4 2 1 2 Traps | -11 -10 -10 -10 -9 -8 -8 -8 -7 -7 -7 -7 -6 -6 -6 -6 -6 -5 -5 -5 -5 -5 -4 -4 -4 -4 -4 -3 -3 -2 -1 -1 -1 ------- Run | Scr Mat Min Exi Min Mat Gar Mat Fac Low Low Zio Pro Fac Low Low Dat Pro Fac Upp Upp War Pro Fac Upp Upp Zhi Pro Res Res Acc Com Ac0 Traps Triggered 6 | . . . . . . . . . . . . . . . . . . . . . . . 5 . . . . 1 . . . . Indirectly . | . . . . . . . . . . . . . . . . . . . . . . . . . . . . . . . . . Trap Hack Attempts 105 | . 25 . . . 4 47 . . . . . . . . . . . 29 . . . . . . . . . . . . . . Triggered . | . . . . . . . . . . . . . . . . . . . . . . . . . . . . . . . . . Disarmed 1 | . . . . . . . . . . . . . . . . . . 1 . . . . . . . . . . . . . . Reprogrammed 11 | . 5 . . . 1 3 . . . . . . . . . . . 1 . . . . . . . . . 1 . . . . Reused 24 | . 1 . . . . 1 . 1 . . . . . 3 . . 8 . 4 . . 3 1 2 . . . . . . . . Traps Extracted 7 | . 4 . . . . 1 . . . . . . . . . . . 1 1 . . . . . . . . . . . . . Installed 31 | . . . . 1 . 1 . 1 . . . . . 4 . . 11 1 5 . . 3 1 3 . . . . . . . . Triggered 34 | . 1 . . . . 1 . 2 . 1 . 1 . 1 . . 9 . 4 . 6 3 1 3 1 . . . . . . . Machines | -11 -10 -10 -10 -9 -8 -8 -8 -7 -7 -7 -7 -6 -6 -6 -6 -6 -5 -5 -5 -5 -5 -4 -4 -4 -4 -4 -3 -3 -2 -1 -1 -1 ---------- Run | Scr Mat Min Exi Min Mat Gar Mat Fac Low Low Zio Pro Fac Low Low Dat Pro Fac Upp Upp War Pro Fac Upp Upp Zhi Pro Res Res Acc Com Ac0 Machines Disabled 41 | . 5 . . 7 3 . . . . . . 1 . . . . . 7 1 . . . 3 . . 5 . . 3 1 1 4 Max in Single Turn 5 | . 3 . . 5 3 . . . . . . 1 . . . . . 3 1 . . . 2 . . 1 . . 1 1 1 1 Garrison Access 2 | . . . . . . . . . . . . . . . . . . . . . . . . . . . . . 1 1 . . Machines Sabotaged . | . . . . . . . . . . . . . . . . . . . . . . . . . . . . . . . . . Garrisons Compromised . | . . . . . . . . . . . . . . . . . . . . . . . . . . . . . . . . . Overloaded Fab Kills . | . . . . . . . . . . . . . . . . . . . . . . . . . . . . . . . . . Fab Network Shutdowns 2 | . . . . . . . . 1 . . . . . . . . . . . . . . . . . . . . 1 . . . Hacking | -11 -10 -10 -10 -9 -8 -8 -8 -7 -7 -7 -7 -6 -6 -6 -6 -6 -5 -5 -5 -5 -5 -4 -4 -4 -4 -4 -3 -3 -2 -1 -1 -1 --------- Run | Scr Mat Min Exi Min Mat Gar Mat Fac Low Low Zio Pro Fac Low Low Dat Pro Fac Upp Upp War Pro Fac Upp Upp Zhi Pro Res Res Acc Com Ac0 Machines Accessed 91 | . 10 2 1 1 15 . 1 6 . 2 . . 4 . 1 3 . 8 . 2 3 . 1 1 . 4 . 8 4 5 8 1 Terminals 48 | . 7 2 . . 9 . 1 4 . . . . 3 . . . . 5 . . . . 1 . . . . 4 1 4 7 . Fabricators 3 | . . . . . . . . 1 . . . . . . . . . . . . . . . . . . . 1 1 . . . Repair Stations 7 | . 1 . . . 1 . . . . . . . 1 . . . . 1 . . . . . . . . . 1 1 . 1 . Recycling Units 5 | . 2 . . . 2 . . . . . . . . . . . . 1 . . . . . . . . . . . . . . Scanalyzers 3 | . . . . . 2 . . . . . . . . . . . . . . . . . . . . . . 1 . . . . Garrison Access 6 | . . . . . 1 . . 1 . . . . . . . . . 1 . . . . . . . . . 1 1 1 . . Total Hacks 291 | . 47 8 1 1 58 . 3 17 . 2 . . 12 . 1 18 . 24 . 5 9 . 2 1 . 16 . 17 12 12 21 4 Successful 188 | . 28 3 1 1 39 . 1 10 . 2 . . 7 . 1 18 . 7 . 5 9 . 1 1 . 16 . 12 7 4 11 4 Failed 102 | . 18 5 . . 19 . 2 7 . . . . 5 . . . . 17 . . . . 1 . . . . 5 5 8 10 . Catastrophic 13 | . 1 . . . 1 . . 1 . . . . . . . . . 5 . . . . . . . . . 1 . 3 1 . Database Lockouts 1 | . 1 . . . . . . . . . . . . . . . . . . . . . . . . . . . . . . . Manual 126 | . 34 7 1 . 37 . 3 7 . . . . 5 . . . . 16 . . 1 . 2 . . . . 4 . 2 7 . Terminals 157 | . 35 8 . . 33 . 3 10 . . . . 9 . . . . 13 . . . . 2 . . . . 12 3 11 18 . Fabricators 7 | . . . . . . . . 3 . . . . . . . . . . . . . . . . . . . 2 2 . . . Repair Stations 20 | . 4 . . . 2 . . . . . . . 3 . . . . 2 . . . . . . . . . 1 5 . 3 . Recycling Units 20 | . 8 . . . 5 . . . . . . . . . . . . 7 . . . . . . . . . . . . . . Scanalyzers 17 | . . . . . 16 . . . . . . . . . . . . . . . . . . . . . . 1 . . . . Garrison Access 12 | . . . . . 2 . . 4 . . . . . . . . . 2 . . . . . . . . . 1 2 1 . . Terminal Hacks 104 | . 8 3 1 1 3 . 1 6 . 2 . . 4 . 1 18 . 2 . 5 9 . . 1 . 16 . 9 1 3 6 4 Record 22 | . . . . . . . . . . . . . . . . 6 . . . 4 8 . . . . 4 . . . . . . Part Schematic 11 | . . . . . . . . 1 . . . . . . . 6 . . . . . . . . . 4 . . . . . . Robot Schematic 3 | . . . . . . . . . . . . . . . . 3 . . . . . . . . . . . . . . . . Robot Analysis 10 | . . 2 . . . . 1 2 . . . . 1 . . . . . . . . . . . . 4 . . . . . . Prototype ID Bank 12 | . 2 . . . . . . . . . . . 1 . . 3 . . . . . . . . . 4 . 1 . . 1 . Open Door 8 | . . . . 1 . . . . . 2 . . . . 1 . . . . 1 1 . . 1 . . . . . . 1 . Level Access Points 3 | . . . . . . . . 1 . . . . . . . . . . . . . . . . . . . 1 1 . . . Branch Access Points 5 | . 1 . . . . . . 1 . . . . 1 . . . . 1 . . . . . . . . . . . 1 . . Terminal Index 5 | . 1 . . . . . . . . . . . 1 . . . . . . . . . . . . . . 1 . 1 1 . Unreport Threat 5 | . . . . . 2 . . 1 . . . . . . . . . 1 . . . . . . . . . 1 . . . . Locate Traps 5 | . . . . . 1 . . . . . . . . . . . . . . . . . . . . . . 2 . 1 1 . Reprogram Traps 1 | . . . . . . . . . . . . . . . . . . . . . . . . . . . . 1 . . . . Dispatch Records 1 | . . 1 . . . . . . . . . . . . . . . . . . . . . . . . . . . . . . Hauler Manifests 2 | . 1 . . . . . . . . . . . . . . . . . . . . . . . . . . 1 . . . . Registered Components 1 | . 1 . . . . . . . . . . . . . . . . . . . . . . . . . . . . . . . Registered Prototypes 2 | . . . . . . . . . . . . . . . . . . . . . . . . . . . . 1 . . 1 . Zone Layout 2 | . 2 . . . . . . . . . . . . . . . . . . . . . . . . . . . . . . . EX-Prototype ID Bank 1 | . . . 1 . . . . . . . . . . . . . . . . . . . . . . . . . . . . . Disengage Seal 1 | . . . . . . . . . . . . . . . . . . . . . . . . . . . . . . . 1 . Gate Test 138-A 1 | . . . . . . . . . . . . . . . . . . . . . . . . . . . . . . . . 1 Gate Test 138-B 1 | . . . . . . . . . . . . . . . . . . . . . . . . . . . . . . . . 1 Gate Test 138-C 1 | . . . . . . . . . . . . . . . . . . . . . . . . . . . . . . . . 1 Gate Test 138-END 1 | . . . . . . . . . . . . . . . . . . . . . . . . . . . . . . . . 1 Fabricator Hacks 4 | . . . . . . . . 2 . . . . . . . . . . . . . . . . . . . 1 1 . . . Load Schematic 2 | . . . . . . . . 1 . . . . . . . . . . . . . . . . . . . 1 . . . . Build 2 | . . . . . . . . 1 . . . . . . . . . . . . . . . . . . . . 1 . . . Repair Station Hacks 13 | . 4 . . . 2 . . . . . . . 1 . . . . . . . . . . . . . . . 4 . 2 . Scan Component 7 | . 2 . . . 1 . . . . . . . 1 . . . . . . . . . . . . . . . 2 . 1 . Repair 6 | . 2 . . . 1 . . . . . . . . . . . . . . . . . . . . . . . 2 . 1 . Recycling Unit Hacks . | . . . . . . . . . . . . . . . . . . . . . . . . . . . . . . . . . Scanalyzer 16 | . . . . . 16 . . . . . . . . . . . . . . . . . . . . . . . . . . . Insert Component 7 | . . . . . 7 . . . . . . . . . . . . . . . . . . . . . . . . . . . Analyze 9 | . . . . . 9 . . . . . . . . . . . . . . . . . . . . . . . . . . . Garrison Access Hacks 3 | . . . . . 1 . . . . . . . . . . . . . . . . . . . . . . . 1 1 . . Unlock Access 1 | . . . . . 1 . . . . . . . . . . . . . . . . . . . . . . . . . . . Seal Access 2 | . . . . . . . . . . . . . . . . . . . . . . . . . . . . . 1 1 . . Unauthorized Hacks 48 | . 16 . . . 17 . . 2 . . . . 2 . . . . 5 . . . . 1 . . . . 2 . . 3 . Terminals 33 | . 11 . . . 11 . . 1 . . . . 2 . . . . 2 . . . . 1 . . . . 2 . . 3 . Track 2 | . 2 . . . . . . . . . . . . . . . . . . . . . . . . . . . . . . . Assimilate 6 | . 1 . . . 5 . . . . . . . . . . . . . . . . . . . . . . . . . . . Botnet 19 | . 5 . . . 4 . . 1 . . . . 1 . . . . 2 . . . . 1 . . . . 2 . . 3 . Disrupt 3 | . 2 . . . 1 . . . . . . . . . . . . . . . . . . . . . . . . . . . Operators 3 | . 1 . . . 1 . . . . . . . 1 . . . . . . . . . . . . . . . . . . . Fabricators . | . . . . . . . . . . . . . . . . . . . . . . . . . . . . . . . . . Repair Stations . | . . . . . . . . . . . . . . . . . . . . . . . . . . . . . . . . . Recycling Units 13 | . 5 . . . 5 . . . . . . . . . . . . 3 . . . . . . . . . . . . . . Monitor 2 | . 1 . . . . . . . . . . . . . . . . 1 . . . . . . . . . . . . . . Reject 4 | . 1 . . . 2 . . . . . . . . . . . . 1 . . . . . . . . . . . . . . Recyclers 3 | . 1 . . . 1 . . . . . . . . . . . . 1 . . . . . . . . . . . . . . Mask 1 | . . . . . 1 . . . . . . . . . . . . . . . . . . . . . . . . . . . Tunnel 3 | . 2 . . . 1 . . . . . . . . . . . . . . . . . . . . . . . . . . . Scanalyzers . | . . . . . . . . . . . . . . . . . . . . . . . . . . . . . . . . . Garrison Access 2 | . . . . . 1 . . 1 . . . . . . . . . . . . . . . . . . . . . . . . Reprogram 2 | . . . . . 1 . . 1 . . . . . . . . . . . . . . . . . . . . . . . . Data Cores Recovered . | . . . . . . . . . . . . . . . . . . . . . . . . . . . . . . . . . Used . | . . . . . . . . . . . . . . . . . . . . . . . . . . . . . . . . . Hacking Detections 67 | . 10 2 . . 13 . 1 5 . . . . 4 . . . . 8 . . . . 1 . . . . 8 4 4 7 . Full Trace Events 7 | . 2 . . . 2 . . 1 . . . . . . . . . 2 . . . . . . . . . . . . . . Feedback Events . | . . . . . . . . . . . . . . . . . . . . . . . . . . . . . . . . . Feedback Blocked . | . . . . . . . . . . . . . . . . . . . . . . . . . . . . . . . . . Robot Schematics Acquired 3 | . . . . . . . . . . . . . . . . 3 . . . . . . . . . . . . . . . . Robots Built 4 | . . . . . . . . . . . . . . . . . . . . . . . . . . . . . 4 . . . Matter 384 | . . . . . . . . . . . . . . . . . . . . . . . . . . . . . 384 . . . Time 68 | . . . . . . . . . . . . . . . . . . . . . . . . . . . . . 68 . . . Total Robot Build Rating 32 | . . . . . . . . . . . . . . . . . . . . . . . . . . . . . 32 . . . Part Schematics Acquired 18 | . . . . . 7 . . 1 . . . . . . . 6 . . . . . . . . . 4 . . . . . . Parts Built 1 | . . . . . . . . 1 . . . . . . . . . . . . . . . . . . . . . . . . Matter 168 | . . . . . . . . 168 . . . . . . . . . . . . . . . . . . . . . . . . Time 42 | . . . . . . . . 42 . . . . . . . . . . . . . . . . . . . . . . . . Total Part Build Rating 4 | . . . . . . . . 4 . . . . . . . . . . . . . . . . . . . . . . . . Parts Repaired 6 | . 2 . . . 1 . . . . . . . . . . . . . . . . . . . . . . . 2 . 1 . Time 218 | . 64 . . . 26 . . . . . . . . . . . . . . . . . . . . . . . 106 . 22 . Parts Recycled . | . . . . . . . . . . . . . . . . . . . . . . . . . . . . . . . . . Recycled Matter . | . . . . . . . . . . . . . . . . . . . . . . . . . . . . . . . . . Retrieved Matter . | . . . . . . . . . . . . . . . . . . . . . . . . . . . . . . . . . Retrieved Components . | . . . . . . . . . . . . . . . . . . . . . . . . . . . . . . . . . Parts Scanalyzed 7 | . . . . . 7 . . . . . . . . . . . . . . . . . . . . . . . . . . . Part Schematics Acquired 7 | . . . . . 7 . . . . . . . . . . . . . . . . . . . . . . . . . . . Parts Damaged . | . . . . . . . . . . . . . . . . . . . . . . . . . . . . . . . . . Bothacking | -11 -10 -10 -10 -9 -8 -8 -8 -7 -7 -7 -7 -6 -6 -6 -6 -6 -5 -5 -5 -5 -5 -4 -4 -4 -4 -4 -3 -3 -2 -1 -1 -1 ------------ Run | Scr Mat Min Exi Min Mat Gar Mat Fac Low Low Zio Pro Fac Low Low Dat Pro Fac Upp Upp War Pro Fac Upp Upp Zhi Pro Res Res Acc Com Ac0 Used RIF Installer . | . . . . . . . . . . . . . . . . . . . . . . . . . . . . . . . . . Robots Hacked 16 | . . . 4 1 1 . . 2 . . 1 . . . . 1 . . . . 2 . . . . . . . 3 . 1 . Non-combat 8 | . . . 3 1 1 . . 2 . . . . . . . . . . . . . . . . . . . . 1 . . . Combat 8 | . . . 1 . . . . . . . 1 . . . . 1 . . . . 2 . . . . . . . 2 . 1 . Robot Hacks Applied 17 | . . . 4 1 1 . . 3 . . 1 . . . . 1 . . . . 2 . . . . . . . 3 . 1 . parse_system 13 | . . . 4 1 . . . . . . 1 . . . . 1 . . . . 2 . . . . . . . 3 . 1 . no_distress 1 | . . . . . . . . 1 . . . . . . . . . . . . . . . . . . . . . . . . find_chute 1 | . . . . . . . . 1 . . . . . . . . . . . . . . . . . . . . . . . . find_fabricator 1 | . . . . . . . . 1 . . . . . . . . . . . . . . . . . . . . . . . . find_recycling 1 | . . . . . 1 . . . . . . . . . . . . . . . . . . . . . . . . . . . Relay Couplers Released . | . . . . . . . . . . . . . . . . . . . . . . . . . . . . . . . . . Robots Rewired 8 | . . 1 . . . . . . . . . 2 . . . . . . . . 5 . . . . . . . . . . . Allies Hacked 1 | . . . . . . . . 1 . . . . . . . . . . . . . . . . . . . . . . . . Hacks Repelled . | . . . . . . . . . . . . . . . . . . . . . . . . . . . . . . . . . Allies | -11 -10 -10 -10 -9 -8 -8 -8 -7 -7 -7 -7 -6 -6 -6 -6 -6 -5 -5 -5 -5 -5 -4 -4 -4 -4 -4 -3 -3 -2 -1 -1 -1 -------- Run | Scr Mat Min Exi Min Mat Gar Mat Fac Low Low Zio Pro Fac Low Low Dat Pro Fac Upp Upp War Pro Fac Upp Upp Zhi Pro Res Res Acc Com Ac0 Total Allies 28 | . 1 1 . . 4 . . 3 . . 7 2 . . . . 1 . . . 5 . . . . . . . 4 . . . Largest Group 9 | . 1 1 1 . 4 2 2 4 4 4 9 8 7 3 1 . 1 . . . 5 . . . . . . . 4 . . . Highest-Rated Group 248 | . 10 10 10 . 58 36 36 74 74 74 248 234 193 88 29 . 94 . . . 245 . . . . . . . 120 . . . Highest-Rated Ally 94 | . 10 10 10 . 26 26 26 26 26 26 42 42 31 31 29 . 94 . . . 60 . . . . . . . 30 . . . Total Orders 87 | . . 6 . 2 20 9 2 12 7 4 . 5 . 1 . . 4 . . . 9 . . . . . . . 6 . . . STAY 45 | . . 4 . . 11 5 1 6 4 2 . 3 . 1 . . . . . . 8 . . . . . . . . . . . FOLLOW 33 | . . 2 . . 9 4 1 6 3 2 . 2 . . . . 1 . . . 1 . . . . . . . 2 . . . GUARD 1 | . . . . . . . . . . . . . . . . . . . . . . . . . . . . . 1 . . . EXPLORE 4 | . . . . . . . . . . . . . . . . . 3 . . . . . . . . . . . 1 . . . RETURN 4 | . . . . 2 . . . . . . . . . . . . . . . . . . . . . . . . 2 . . . Ally Attacks 283 | . . . . . 19 . . 15 13 20 . 77 24 38 7 . 6 . . . 17 . . . . . . . 47 . . . Total Damage 5299 | . . . . . 398 . . 195 111 189 . 1505 344 558 79 . 231 . . . 761 . . . . . . . 928 . . . Kills 43 | . . . . . 7 . . 3 3 3 . 12 3 3 . . 3 . . . 1 . . . . . . . 5 . . . Allies Corrupted 1 | . . . . 1 . . . . . . . . . . . . . . . . . . . . . . . . . . . . Allies Melted 1 | . . . . . . . . . . . . . . . . . . . . . . . . . . . . . 1 . . . Intel | -11 -10 -10 -10 -9 -8 -8 -8 -7 -7 -7 -7 -6 -6 -6 -6 -6 -5 -5 -5 -5 -5 -4 -4 -4 -4 -4 -3 -3 -2 -1 -1 -1 ------- Run | Scr Mat Min Exi Min Mat Gar Mat Fac Low Low Zio Pro Fac Low Low Dat Pro Fac Upp Upp War Pro Fac Upp Upp Zhi Pro Res Res Acc Com Ac0 Robot Analysis Total 10 | . . 2 . . . . 1 2 . . . . 1 . . . . . . . . . . . . 4 . . . . . . Derelict Logs Recovered 23 | . . 1 . 1 . . . . 1 1 1 1 . 3 2 . 2 . 2 2 . 2 . 3 1 . . . . . . . Drone Launches 10 | . . . . 5 . . . . . . 1 . . . . . 2 . . . . . . . . . . . 2 . . . Drone Recoveries 7 | . . . . 5 . . . . . . . . . . . . . . . . . . . . . . . . 2 . . . Exploration | -11 -10 -10 -10 -9 -8 -8 -8 -7 -7 -7 -7 -6 -6 -6 -6 -6 -5 -5 -5 -5 -5 -4 -4 -4 -4 -4 -3 -3 -2 -1 -1 -1 ------------- Run | Scr Mat Min Exi Min Mat Gar Mat Fac Low Low Zio Pro Fac Low Low Dat Pro Fac Upp Upp War Pro Fac Upp Upp Zhi Pro Res Res Acc Com Ac0 Turns Passed 45378 | 90 1270 535 342 673 3476 1510 569 1537 2514 3019 1370 2496 374 3059 2875 118 3264 1793 2126 767 810 1360 722 2241 1719 499 860 582 1095 498 903 312 Spaces Moved 40560 | 48 1416 728 583 459 2341 739 357 961 1743 1621 1150 1567 263 2143 1913 93 1898 1228 2662 1301 854 1646 809 2369 2218 619 1282 898 1832 716 1159 944 Core 12 | 7 . . . 1 . . . 4 . . . . . . . . . . . . . . . . . . . . . . . . Treads 512 | . . . . . . 334 167 10 . . . . . . . . . . . . . . . . . . . . . . 1 . Legs 8247 | . . . . . 183 15 . 122 345 145 . 829 263 2143 1913 93 1898 287 . . . . . . . 11 . . . . . . Wheels 8682 | 41 11 . . 172 2158 390 190 825 1398 1476 1150 738 . . . . . 133 . . . . . . . . . . . . . . Hover 17604 | . 1405 728 583 224 . . . . . . . . . . . . . 808 2662 1301 854 1646 809 2369 2218 608 1282 107 . . . . Flight 5503 | . . . . 62 . . . . . . . . . . . . . . . . . . . . . . . 791 1832 716 1158 944 Fastest Speed 25 | 50 56 56 56 56 90 110 93 93 122 110 110 115 120 122 122 122 120 60 50 50 48 48 48 48 48 48 48 27 27 29 29 25 Average Speed 80 | 79 56 56 56 85 108 137 124 114 138 143 110 147 120 122 122 122 120 88 58 50 50 48 50 48 48 54 48 34 28 29 29 28 Slowest Speed 240 | 100 116 56 56 176 180 210 180 210 153 240 115 185 122 122 122 122 122 200 123 50 55 52 52 48 52 180 105 150 29 29 155 32 Overloaded Moves . | . . . . . . . . . . . . . . . . . . . . . . . . . . . . . . . . . Propulsion Burnouts . | . . . . . . . . . . . . . . . . . . . . . . . . . . . . . . . . . Robots Hopped 29 | . . . . . . . . . . . . . . . . . . . . . . . . . . . . . 8 2 7 12 Cave-ins Triggered . | . . . . . . . . . . . . . . . . . . . . . . . . . . . . . . . . . Teleports 2 | . . . . . . . . . . . . . . . . . . . . . . . . . . . . . . . 1 1 Exploration Rate (%) 69 | 3 99 99 88 87 99 56 24 20 99 95 87 99 10 98 99 75 96 32 89 98 88 96 24 94 94 75 92 23 28 15 35 69 Regions Visited 32 Branch Regions 21 Pre-discovered Areas 15 | . 2 1 . 1 1 . . . . . 1 . . 1 1 1 . . 2 . . . . . 1 3 . . . . . . Known Exits Taken 26 | . 1 . . . 1 . 1 1 1 1 1 1 1 1 1 1 1 1 1 1 1 1 1 1 1 1 1 1 1 1 . . Unknown Exits Taken 5 | 1 . 1 1 1 . . . . . . . . . . . . . . . . . . . . . . . . . . 1 . Scrap Searched 49 | . . 1 . 1 . . . . 7 2 2 2 . 3 5 . 4 . 2 5 . 3 . 3 4 . 5 . . . . . Spaces Dug 96 | . . . . . . 2 . . . 1 . . . 1 2 . 4 18 2 . . 1 9 8 2 . 3 10 2 6 14 11 Terrain Destroyed 654 | . 3 22 . 83 70 2 . 3 24 4 . 28 . 16 83 . 14 83 4 . . 6 36 48 12 . 37 10 35 6 14 11 Melee 33 | . . . . . . 2 . . . . . . . . 1 . 1 13 . . . . . . . . . . 1 4 11 . Projectile 134 | . . . . . 9 . . 3 . 1 . . . 16 1 . 13 5 4 . . 6 14 12 7 . 5 10 12 2 3 11 AOE 487 | . 3 22 . 83 61 . . . 24 3 . 28 . . 81 . . 65 . . . . 22 36 5 . 32 . 22 . . . Terrain Rammed . | . . . . . . . . . . . . . . . . . . . . . . . . . . . . . . . . . Walls Destroyed . | . . . . . . . . . . . . . . . . . . . . . . . . . . . . . . . . . Machines Disabled . | . . . . . . . . . . . . . . . . . . . . . . . . . . . . . . . . . Actions | -11 -10 -10 -10 -9 -8 -8 -8 -7 -7 -7 -7 -6 -6 -6 -6 -6 -5 -5 -5 -5 -5 -4 -4 -4 -4 -4 -3 -3 -2 -1 -1 -1 --------- Run | Scr Mat Min Exi Min Mat Gar Mat Fac Low Low Zio Pro Fac Low Low Dat Pro Fac Upp Upp War Pro Fac Upp Upp Zhi Pro Res Res Acc Com Ac0 Total 50939 | 77 1767 807 594 640 2958 1171 464 1231 1827 2240 1247 1704 303 2487 2386 95 2736 1725 3185 1368 1199 2166 1068 3409 2821 744 1505 1145 2309 983 1609 969 Wait 7274 | . 197 43 5 81 269 317 80 83 37 535 84 28 2 194 380 . 660 222 440 1 265 446 163 956 544 45 197 172 319 238 271 . Move 40476 | 47 1415 727 582 458 2340 738 356 960 1742 1620 1149 1566 262 2142 1912 92 1897 1227 2661 1300 853 1645 808 2368 2217 618 1281 897 1818 711 1146 921 Hop 22 | . . . . . . . . . . . . . . . . . . . . . . . . . . . . . 5 2 5 10 Pick Up 326 | 11 16 1 1 6 42 7 1 30 4 . 1 12 6 20 7 . 24 23 7 6 4 9 5 7 6 18 2 6 17 5 20 2 Fast Attach 166 | . 4 . . 5 26 7 6 8 6 2 3 . 3 2 1 . 6 19 6 . 18 3 4 . 1 1 2 3 11 . 15 4 Attach 129 | 7 1 1 . 5 16 3 . 16 . . . 2 2 4 . . 2 16 1 . . 2 4 1 . 8 2 6 10 2 8 10 Detach 12 | . . . . 1 . . . . . . 1 . . 1 . . . 1 . . . . 2 . . 1 2 . . . . 3 Swap 516 | . 19 6 1 8 34 10 8 19 11 20 3 17 12 24 26 2 34 57 24 7 7 17 16 19 6 2 7 25 32 9 33 1 Drop 423 | . 17 1 1 6 53 9 6 18 11 5 5 17 9 21 9 . 29 25 13 6 23 10 11 8 7 12 3 16 31 3 35 3 Fire 1159 | 12 73 27 . 15 129 18 7 75 16 58 . 26 7 75 40 . 72 75 28 48 18 31 35 47 40 36 9 20 62 5 41 14 Melee 241 | . . 1 4 54 44 14 . 21 . . 1 . . . 11 1 1 30 . . 11 . . . . . . . 4 8 35 1 Ram . | . . . . . . . . . . . . . . . . . . . . . . . . . . . . . . . . . Kick 1 | . . . . . 1 . . . . . . . . . . . . . . . . . . . . . . . . . . . Crush . | . . . . . . . . . . . . . . . . . . . . . . . . . . . . . . . . . Escape Stasis 22 | . . . . . . . . . . . . . . . . . . . . . . . 19 . . 3 . . . . . . Rewire 36 | . . . . . . . . . . . . 36 . . . . . . . . . . . . . . . . . . . . Trap 136 | . 25 . . 1 4 48 . 1 . . . . . 4 . . 11 30 5 . . 3 1 3 . . . . . . . . Miscellaneous . | . . . . . . . . . . . . . . . . . . . . . . . . . . . . . . . . . Route ------- -11/Scrapyard -10/Materials (discovered 4 exits: [*Mat x3] / *Min) -10/Mines (discovered 3 exits: [*Mat x2] / *Exi) -10/Exiles -9/Mines -8/Materials (discovered 4 exits: *Fac x3 / Gar) -8/Garrison (discovered 2 exits: *Mat x2) -8/Materials -7/Factory (discovered 6 exits: *Fac x4 / *Low x2) -7/Lower Caves -7/Lower Caves (discovered 2 exits: *Fac / *Zio) -7/Zion -6/Proximity Caves -6/Factory (discovered 3 exits: Fac / *Low x2) -6/Lower Caves -6/Lower Caves (discovered 2 exits: *Fac / *Dat) -6/Data Miner -5/Proximity Caves -5/Factory (discovered 6 exits: *Fac x2 / *Upp x2 / Ext x2) -5/Upper Caves (discovered 2 exits: *Upp / *War) -5/Upper Caves (discovered 2 exits: *Fac / *War) -5/Warlord -4/Proximity Caves -4/Factory -4/Upper Caves -4/Upper Caves (discovered 2 exits: *Res / *Zhi) -4/Zhirov -3/Proximity Caves -3/Research (discovered 5 exits: *Res x3 / Arm / Tes) -2/Research (discovered 5 exits: *Acc x3 / Qua x2) -1/Access -1/Command (discovered 3 exits: [*Sur x2] / *Ac0) -1/Access_0 To Epsilon Eridani History --------- Turn | Location | Event 40 | -11/Scrapyard | Discovered new exit (range 15) 91 | -11/Scrapyard | Entered Materials 205 | -10/Materials | Identified exit to Mines 304 | -10/Materials | Build established: Mutant 404 | -10/Materials | Discovered new exit (range 8) 538 | -10/Materials | Discovered new exit (range 4) 674 | -10/Materials | Repaired Imp. Hover Unit 707 | -10/Materials | Repaired Imp. Hover Unit 968 | -10/Materials | Central database locked down 1053 | -10/Materials | Discovered new exit (range 11) 1361 | -10/Materials | Entered Mines 1361 | -10/Mines | Accompanied by 1 ally 1431 | -10/Mines | Met a Derelict bent on vengeance 1433 | -10/Mines | Discovered new exit (range 3) 1521 | -10/Mines | Learned location of Zion (-7) 1558 | -10/Mines | Deemed a non-threat by the Exiles lab entrance 1559 | -10/Mines | Discovered new exit (range 5) 1572 | -10/Mines | Discovered new exit (range 9) 1896 | -10/Mines | Entered Exiles 1896 | -10/Exiles | Accompanied by 1 ally 1910 | -10/Exiles | Met 8R-AWN 1921 | -10/Exiles | Met EX-HEX 1945 | -10/Exiles | Met EX-DEC 1967 | -10/Exiles | Met EX-BIN 2088 | -10/Exiles | Aligned with FarCom system 2089 | -10/Exiles | Given EX-Vault access code 2103 | -10/Exiles | Opened EX-Vault 2109 | -10/Exiles | Found Cloak of Protection 2121 | -10/Exiles | Warned to stay clear of 0b10 Research branches 2160 | -10/Exiles | Visited The Gauntlet 2226 | -10/Exiles | Discovered new exit (range 14) 2238 | -10/Exiles | Left Exiles lab with Cloak of Protection 2238 | -10/Exiles | Entered Mines 2238 | -9/Mines | Accompanied by 1 ally 2282 | -9/Mines | Found the Drone Emporium 2285 | -9/Mines | Found Prototype Device 2285 | -9/Mines | Identified Sensor Drone Bay 2396 | -9/Mines | Excavation squad dispatched 2396 | -9/Mines | A large section of the Mines collapsed 2511 | -9/Mines | Received a Rocket Launcher from a helpful Derelict 2606 | -9/Mines | Core integrity fell below 50% 2646 | -9/Mines | Excavation squad dispatched 2670 | -9/Mines | Found a hidden stash of uninstalled traps 2852 | -9/Mines | Discovered new exit (range 15) 2893 | -9/Mines | Build established: Scavenger-Mutant 2905 | -9/Mines | Core integrity fell below 20% 2911 | -9/Mines | Entered Materials 2911 | -8/Materials | Evolved 4 slots: Propulsion x1, Utility x2, Weapon x1 3236 | -8/Materials | Repaired Hammer 3766 | -8/Materials | Discovered new exit (range 15) 4138 | -8/Materials | Build established: Scavenger-Skirmisher 4209 | -8/Materials | Lost 3 parts (1n2w) 4406 | -8/Materials | Garrison activated, responded to threat 4469 | -8/Materials | Discovered new exit (range 15) 5408 | -8/Materials | Discovered new exit (range 7) 5976 | -8/Materials | Identified exit to Factory 6008 | -8/Materials | Identified exit to Garrison 6111 | -8/Materials | First assault squad dispatched 6155 | -8/Materials | Core integrity fell below 50% 6387 | -8/Materials | Entered Garrison 6387 | -8/Garrison | Accompanied by 2 allies 6576 | -8/Garrison | Triggered checkpoint 6610 | -8/Garrison | Lost 3 parts (1p2n) 6978 | -8/Garrison | Triggered checkpoint 6987 | -8/Garrison | Triggered checkpoint 7028 | -8/Garrison | Lost 3 parts (1p1n1w) 7145 | -8/Garrison | Discovered new exit (range 15) 7283 | -8/Garrison | Discovered new exit (range 8) 7897 | -8/Garrison | Entered Materials 7897 | -8/Materials | Accompanied by 2 allies 8241 | -8/Materials | Core integrity fell below 20% 8387 | -8/Materials | Discovered exit to Factory (range 7) 8466 | -8/Materials | Entered Factory 8466 | -7/Factory | Accompanied by 2 allies 8466 | -7/Factory | Evolved 2 slots: Propulsion x1, Utility x1 8514 | -7/Factory | Discovered new exit (range 9) 9253 | -7/Factory | Identified exit to Factory 9261 | -7/Factory | Fabricated Lrn. Sensor Array? 9401 | -7/Factory | Core integrity fell below 50% 9441 | -7/Factory | Lost 15 parts (2p4n2u7w) 9464 | -7/Factory | Local fabrication network quarantined 9615 | -7/Factory | Identified exit to Lower Caves 9655 | -7/Factory | Build established: Mutant 9950 | -7/Factory | Garrison activated, responded to threat 10003 | -7/Factory | Entered Lower Caves 10003 | -7/Lower Caves | Accompanied by 4 allies 10004 | -7/Lower Caves | Encountered a Warlord checkpoint 10505 | -7/Lower Caves | Learned 4 Factory zone layouts 11935 | -7/Lower Caves | Discovered new exit (range 3) 11938 | -7/Lower Caves | Identified exit to Lower Caves 12180 | -7/Lower Caves | Build established: Scavenger-Skirmisher 12517 | -7/Lower Caves | Entered another Lower Caves area 12517 | -7/Lower Caves | Accompanied by 4 allies 12842 | -7/Lower Caves | Discovered exit to Factory (range 9) 12992 | -7/Lower Caves | Learned 8 Factory zone layouts 13200 | -7/Lower Caves | Build established: Scavenger-Mutant 13610 | -7/Lower Caves | Discovered new exit (range 6) 13648 | -7/Lower Caves | Identified exit to Zion 15536 | -7/Lower Caves | Entered Zion 15536 | -7/Zion | Accompanied by 2 allies 15635 | -7/Zion | Discovered new exit (range 11) 15687 | -7/Zion | System corruption cleaned by Quarantine Array 15740 | -7/Zion | Given the Hacking Drone Bay 15765 | -7/Zion | Learned location of Quarantine (-2) 15873 | -7/Zion | Received a hallucinogenic algorithm 15982 | -7/Zion | Learned Factory emergency access door positions 16002 | -7/Zion | Learned location of 2 exits from Factory 16455 | -7/Zion | Rebuked by Imprinter 16671 | -7/Zion | Found Prototype Device 16671 | -7/Zion | Identified Hacking Drone Bay 16757 | -7/Zion | Gained Derelict followers 16790 | -7/Zion | Gained Derelict followers 16817 | -7/Zion | Identified exit to Proximity Caves 16906 | -7/Zion | Entered Proximity Caves 16906 | -6/Proximity Caves | Accompanied by 8 allies 17409 | -6/Proximity Caves | Build established: Derelict-Mutant 17479 | -6/Proximity Caves | Attracted the attention of an 0b10 outpost 17781 | -6/Proximity Caves | Build established: Scavenger-Mutant 18419 | -6/Proximity Caves | Discovered exit to Factory (range 14) 18656 | -6/Proximity Caves | Learned Factory trap positions 18931 | -6/Proximity Caves | Spotted B-75 Beast 18948 | -6/Proximity Caves | Allies destroyed B-75 Beast 19080 | -6/Proximity Caves | Build established: Scavenger-Gunner 19402 | -6/Proximity Caves | Entered Factory 19402 | -6/Factory | Accompanied by 7 allies 19402 | -6/Factory | Evolved 2 slots: Utility x2 19403 | -6/Factory | Identified exit to Lower Caves 19403 | -6/Factory | Identified exit to Factory 19405 | -6/Factory | Loaded intel: 95 trap records 19776 | -6/Factory | Entered Lower Caves 19776 | -6/Lower Caves | Accompanied by 5 allies 20203 | -6/Lower Caves | Build established: Scavenger-Mutant 20296 | -6/Lower Caves | Learned Factory trap positions 20494 | -6/Lower Caves | Learned Factory garrison access intel 20664 | -6/Lower Caves | Discovered new exit (range 15) 20881 | -6/Lower Caves | Identified exit to Lower Caves 20964 | -6/Lower Caves | Build established: Scavenger-Skirmisher 21122 | -6/Lower Caves | Attacked by a faux Warlord 21488 | -6/Lower Caves | Build established: Scavenger-Mutant 22835 | -6/Lower Caves | Entered another Lower Caves area 22835 | -6/Lower Caves | Accompanied by 1 ally 23133 | -6/Lower Caves | Discovered exit to Factory (range 6) 23414 | -6/Lower Caves | Discovered new exit (range 19) 23506 | -6/Lower Caves | Identified exit to Data Miner 23602 | -6/Lower Caves | Build established: Scavenger-Assassin 24138 | -6/Lower Caves | Learned 4 Factory zone layouts 24146 | -6/Lower Caves | Encountered a Warlord checkpoint 24189 | -6/Lower Caves | Build established: Scavenger-Mutant 25710 | -6/Lower Caves | Entered Data Miner 25712 | -6/Data Miner | Discovered new exit (range 6) 25735 | -6/Data Miner | Met Data Miner 25773 | -6/Data Miner | Acquired the access code to Warlord's prototype stash 25773 | -6/Data Miner | Learned location of Section 7 (-2) 25800 | -6/Data Miner | Received God Mode back door access code from Data Miner 25827 | -6/Data Miner | Identified exit to Proximity Caves 25828 | -6/Data Miner | Entered Proximity Caves 25859 | -5/Proximity Caves | Escorted by Enhanced Grunt 25861 | -5/Proximity Caves | Attracted the attention of an 0b10 checkpoint 26070 | -5/Proximity Caves | Learned 8 Factory zone layouts 26259 | -5/Proximity Caves | Found Prototype Device 26259 | -5/Proximity Caves | Identified Exp. Thermal Shield 26525 | -5/Proximity Caves | Build established: Scavenger-Skirmisher 26621 | -5/Proximity Caves | Spotted B-75 Beast 27132 | -5/Proximity Caves | Discovered exit to Factory (range 13) 27489 | -5/Proximity Caves | Lost 3 parts (1p2w) 28053 | -5/Proximity Caves | Build established: Scavenger-Mutant 28352 | -5/Proximity Caves | Attracted the attention of an 0b10 outpost 28646 | -5/Proximity Caves | Build established: Scavenger-Gunner 29092 | -5/Proximity Caves | Entered Factory 29092 | -5/Factory | Evolved 2 slots: Power x1, Propulsion x1 29094 | -5/Factory | Loaded intel: 101 trap records 29095 | -5/Factory | Loaded intel: 3 garrison access locations 29313 | -5/Factory | Incoming investigation squad redirected 29406 | -5/Factory | Garrison activated, responded to threat 29471 | -5/Factory | Lost 7 parts (2n1u4w) 29616 | -5/Factory | Destroyed 14 combat bots 29625 | -5/Factory | Lost 4 parts (4w) 29692 | -5/Factory | First assault squad dispatched 29721 | -5/Factory | Incoming assault squad redirected 29748 | -5/Factory | Discovered new exit (range 14) 29761 | -5/Factory | Identified exit to Factory 29931 | -5/Factory | Discovered exit to Factory (range 15) 30013 | -5/Factory | Discovered new exit (range 17) 30215 | -5/Factory | Build established: Scavenger-Scout 30297 | -5/Factory | Lost 5 parts (3n1u1w) 30624 | -5/Factory | Build established: Scavenger-Assassin 30847 | -5/Factory | Identified exit to Upper Caves 30847 | -5/Factory | Identified exit to Extension 30885 | -5/Factory | Entered Upper Caves 30957 | -5/Upper Caves | Encountered a Warlord checkpoint 31084 | -5/Upper Caves | A Derelict revealed a hidden shortcut to "reach the base" 31085 | -5/Upper Caves | Identified exit to Warlord 31262 | -5/Upper Caves | Build established: Scavenger-Scout 31523 | -5/Upper Caves | Learned location of Warlord (-5) 32302 | -5/Upper Caves | Discovered new exit (range 8) 32308 | -5/Upper Caves | Identified exit to Upper Caves 33011 | -5/Upper Caves | Entered another Upper Caves area 33015 | -5/Upper Caves | Discovered exit to Factory (range 10) 33129 | -5/Upper Caves | Learned Armory security intel 33129 | -5/Upper Caves | Learned Factory garrison access intel 33162 | -5/Upper Caves | Encountered a Warlord checkpoint 33233 | -5/Upper Caves | Discovered exit to Warlord (range 15) 33463 | -5/Upper Caves | Learned Factory emergency access door positions 33778 | -5/Upper Caves | Entered Warlord 33793 | -5/Warlord | Discovered new exit (range 14) 34092 | -5/Warlord | Visited the Vortex Lab 34093 | -5/Warlord | Found Prototype Energy Gun 34093 | -5/Warlord | Identified Vortex Shotgun 34097 | -5/Warlord | Warlord's base attacked by MAIN.C 34097 | -5/Warlord | Found Prototype Energy Gun 34097 | -5/Warlord | Identified Vortex Rail 34122 | -5/Warlord | Met Warlord 34138 | -5/Warlord | Opened Warlord's prototype stash 34141 | -5/Warlord | Found Prototype Processor 34141 | -5/Warlord | Identified Exp. Target Analyzer 34143 | -5/Warlord | Found Prototype Device 34143 | -5/Warlord | Identified Thermal Barrier 34172 | -5/Warlord | Found Prototype Reactor 34172 | -5/Warlord | Identified Vortex Chain Reactor 34181 | -5/Warlord | Found System Mapper 34239 | -5/Warlord | Found Prototype Ballistic Cannon 34239 | -5/Warlord | Identified Hvy. Autocannon 34447 | -5/Warlord | Warlord forces counterattacked 34485 | -5/Warlord | Spotted Striker 34507 | -5/Warlord | Spotted Striker 34549 | -5/Warlord | Spotted Striker 34568 | -5/Warlord | Spotted Executioner 34587 | -5/Warlord | Identified exit to Proximity Caves 34588 | -5/Warlord | Entered Proximity Caves 35322 | -4/Proximity Caves | Attracted the attention of an 0b10 checkpoint 35948 | -4/Proximity Caves | Entered Factory 35948 | -4/Factory | Evolved 2 slots: Propulsion x1, Utility x1 35950 | -4/Factory | Loaded intel: 3 garrison access locations 36532 | -4/Factory | Discovered new exit (range 19) 36649 | -4/Factory | Identified exit to Upper Caves 36670 | -4/Factory | Entered Upper Caves 36986 | -4/Upper Caves | Build established: Scout 37027 | -4/Upper Caves | Learned 8 Research zone layouts 37560 | -4/Upper Caves | Spotted B-86 Titan 37722 | -4/Upper Caves | Discovered new exit (range 17) 37736 | -4/Upper Caves | Identified exit to Upper Caves 38753 | -4/Upper Caves | Build established: Derelict-Mutant 38911 | -4/Upper Caves | Entered another Upper Caves area 38959 | -4/Upper Caves | Encountered a Warlord checkpoint 38960 | -4/Upper Caves | Discovered new exit (range 12) 39213 | -4/Upper Caves | Learned location of Armory (-3) 39223 | -4/Upper Caves | Build established: Scout 39889 | -4/Upper Caves | Discovered new exit (range 11) 39893 | -4/Upper Caves | Identified exit to Zhirov 40630 | -4/Upper Caves | Entered Zhirov 40630 | -4/Zhirov | Discovered new exit (range 3) 40632 | -4/Zhirov | Identified exit to Proximity Caves 40640 | -4/Zhirov | Met Zhirov 40650 | -4/Zhirov | Learned location of Command (-1) 40650 | -4/Zhirov | Learned location of Testing (-3) 40653 | -4/Zhirov | Zhirov requested help retrieving the SGEMP Prototype 40661 | -4/Zhirov | Found Alien Artifact 40661 | -4/Zhirov | Identified Integrated Dissipator 40661 | -4/Zhirov | Installed Integrated Dissipator, increased core heat dissipation (+20) 40836 | -4/Zhirov | Found Alien Artifact 40991 | -4/Zhirov | Cloak Generator disabled 40991 | -4/Zhirov | Attacked by Zhirov 41004 | -4/Zhirov | Build established: Hauler-Mutant 41024 | -4/Zhirov | Zhirov detonated his lab 41055 | -4/Zhirov | Lost 3 parts (1p1u1w) 41129 | -4/Zhirov | Entered Proximity Caves 41649 | -3/Proximity Caves | Discovered new exit (range 15) 41652 | -3/Proximity Caves | Build established: Hauler-Scout 41657 | -3/Proximity Caves | Identified exit to Research 41989 | -3/Proximity Caves | Entered Research 41989 | -3/Research | Evolved 2 slots: Power x1, Propulsion x1 41990 | -3/Research | Identified exit to Armory 41990 | -3/Research | Identified exit to Testing 42115 | -3/Research | Identified exit to Research 42279 | -3/Research | Build established: Hacker-Scout 42571 | -3/Research | Entered another Research area 42571 | -2/Research | Warlord forces began assault on 0b10 42571 | -2/Research | Evolved 2 slots: Utility x2 42572 | -2/Research | Identified exit to Quarantine 42638 | -2/Research | Repaired Field Propulsion Array 42648 | -2/Research | Met up with Warlord 42654 | -2/Research | Identified exit to Access 42681 | -2/Research | Research machine network offline 42683 | -2/Research | Repaired Xenon Bombardment Thruster? 42719 | -2/Research | Fabricated S-43 Plague? 42833 | -2/Research | Borebot progress halted 42981 | -2/Research | Borebot progress halted 43075 | -2/Research | Borebot progress halted 43144 | -2/Research | Spotted Executioner 43144 | -2/Research | Spotted Striker 43153 | -2/Research | Destroyed Executioner 43192 | -2/Research | Spotted Executioner 43193 | -2/Research | Spotted Executioner 43280 | -2/Research | Local fabrication network quarantined 43329 | -2/Research | Spotted Striker 43336 | -2/Research | Destroyed Striker 43375 | -2/Research | Found Particle Cleaver 43465 | -2/Research | Build established: Scavenger-Sprinter 43508 | -2/Research | Spotted Executioner 43512 | -2/Research | Spotted Executioner 43528 | -2/Research | Found Prototype Device 43528 | -2/Research | Identified Adv. Kinecellerator 43542 | -2/Research | Spotted Striker 43544 | -2/Research | Spotted Striker 43571 | -2/Research | Warlord invited to help at Command 43666 | -2/Research | Entered Access 43666 | -1/Access | Evolved 2 slots: Utility x2 43916 | -1/Access | First assault squad dispatched 43944 | -1/Access | Incoming assault squad redirected 43949 | -1/Access | Identified exit to Command 44164 | -1/Access | Entered Command 44226 | -1/Command | Disengaged cave seal 44231 | -1/Command | Welcomed Warlord to Command 44249 | -1/Command | Repaired Impulse Thruster Array 44350 | -1/Command | Discovered new exit (range 19) 44402 | -1/Command | Warlord commented on Warlord statues 44447 | -1/Command | Combat Programmer assimilated allied I2-5KD(l) 44460 | -1/Command | Spotted M Guard 44463 | -1/Command | Destroyed M Guard 44466 | -1/Command | Spotted Combat Programmer 44479 | -1/Command | All MAIN.C guards destroyed 44544 | -1/Command | Met MAIN.C 44546 | -1/Command | Warlord shut down involuntarily 44608 | -1/Command | Discovered new exit (range 5) 44906 | -1/Command | Build established: Hacker-Scout 44933 | -1/Command | Found Prototype Reactor 44933 | -1/Command | Identified Zero-point Reactor 44936 | -1/Command | Found Prototype Processor 44936 | -1/Command | Identified Spectral Analyzer 44942 | -1/Command | Found Prototype Device 44942 | -1/Command | Identified EM Dispersion Field 44945 | -1/Command | Found Prototype Device 44945 | -1/Command | Identified Exp. Weapon Cycler 44959 | -1/Command | Found Prototype Ballistic Gun 44959 | -1/Command | Identified Multirail 45062 | -1/Command | Identified Transdimensional Reconstructor 45062 | -1/Command | Warped through subspace to slip node 45062 | -1/Command | Discovered new exit (range 4) 45065 | -1/Command | Found Vortex Chain Reactor 45067 | -1/Command | Entered Access_0 45068 | -1/Access_0 | Met Architect 45105 | -1/Access_0 | Subspace Access Node disabled 45114 | -1/Access_0 | A6 warped into view 45143 | -1/Access_0 | Singularity Gate disabled 45154 | -1/Access_0 | A5 warped into view 45247 | -1/Access_0 | Lost 3 parts (1n2u) 45275 | -1/Access_0 | A4 warped into view 45283 | -1/Access_0 | Found Alien Artifact 45329 | -1/Access_0 | Lost 5 parts (1n1u3w) 45374 | -1/Access_0 | Found Integrated Dissipator 45375 | -1/Access_0 | Installed Integrated Dissipator, increased core heat dissipation (+20) 45376 | -1/Access_0 | Identified Hpw. Transdimensional Reconstructor 45376 | -1/Access_0 | Warped through subspace to slip node 45376 | -1/Access_0 | Discovered new exit (range 8) 45379 | *** | Escaped! Last Messages --------------- 45289_ Quantum Shear penetrates Wall. 45292_ KE Penetrator destroyed. 45292_ Reclaimed 25 matter. 45294_ Impulse Thruster Array destroyed. 45294_ Reclaimed 25 matter. 45294_ Knocked back. 45294_ Dropped Adv. Force Field. 45298_ Imp. Lightning Gun destroyed. 45298_ Reclaimed 25 matter. 45329_ Penetrated by Quantum Shear. 45332_ Quantum Shear penetrates Wall. 45343_ Knocked back. 45359_ JXNSXRWM/FPJU6AU>UWL GGU9RRL6S0F66 45371_ Workstation disabled. 45374_ Acquired Integrated Dissipator. 45375_ Integrated Dissipator installed, core heat dissipation increased (+20). 45376_ Identified Hpw. Transdimensional Reconstructor. 45376_ Warped through subspace, drawn to slip node. 45376_ EXIT=FOUND Map ----- +----------------------------------------------------+ | | | | | | | | | | | | | | | | | | | | | | | | | | | | | | | | | ?????????????????????????????????????????????????? | | ?????????????????????????????????????????????????? | | ?????????????????????????????????????????????????? | | ?????????????????????????????????????????????????? | | ?????????????????????????????????????????????????? | | ?????????????????????????????????????????????????? | | ????????????????????????###??????????????????????? | | ???????????????????????## ##?????????????????????? | | ???????????????????????# #?????????????????????? | | ???????????????????????# @ #?????????????????????? | | ??????????????????????## #?????????????????????? | | ??????????????????????# #?????????????????????? | | ??????????????????????# ##?????????????????????? | | ??????????????????????## #?????????????????????? | | ??????????????????????# #?????????????????????? | | ??????????????????????# ##?????????????????????? | | ??????????????????????# < #?????????????????????? | | ??????????????????????# ##?????????????????????? | | ??????????????????????## #??????????????????????? | | ???????????????????????####??????????????????????? | | ?????????????????????????????????????????????????? | | ?????????????????????????????????????????????????? | | ?????????????????????????????????????????????????? | | ?????????????????????????????????????????????????? | | ?????????????????????????????????????????????????? | | ?????????????????????????????????????????????????? | | ?????????????????????????????????????????????????? | | ?????????????????????????????????????????????????? | | ?????????????????????????????????????????????????? | | ?????????????????????????????????????????????????? | | ?????????????????????????????????????????????????? | | ?????????????????????????????????????????????????? | | ?????????????????????????????????????????????????? | | ?????????????????????????????????????????????????? | +----------------------------------------------------+ Best States ------------- Heat Dissipation 94 Energy Generation 75 Energy Capacity 490 Matter Stores 600 Matter Capacity 600 Sight Range 24 Robot Scan Range 20 Terrain Scan Range 24 Terrain Scan Density 210 Jamming Range 14 Cloak Strength 5 Power Amplification 30 Additional Mass Support 9 Armor Coverage 225 Resistance: KI 25 Resistance: TH 30 Resistance: EM 75 Propulsion Shielding 66 Utility Shielding 66 Weapon Shielding 90 Reclamation Efficiency 25 Weapon Cycling 30 Phase Shifting 15 Evasion (%) 89 Targeting Accuracy 8 Melee Accuracy 12 Recoil Reduction 2 Force Boost 3 Salvage Targeting 4 Offensive Hacking 32 Defensive Hacking 14 Item Schematics ----------------- Adv. Terrain Scanner | -8/Materials | Scanalyzed Datajack | -8/Materials | Scanalyzed Rocket Launcher | -8/Materials | Scanalyzed Adv. Beam Cannon | -8/Materials | Scanalyzed Particle Gun | -8/Materials | Scanalyzed Maul | -8/Materials | Scanalyzed Adv. Weight Redist. System | -8/Materials | Scanalyzed Lrn. Sensor Array | -7/Factory | Hacked Plasma Sword | -6/Data Miner | Free Exp. Targeting Computer | -6/Data Miner | Free Exp. Terrain Scan Processor | -6/Data Miner | Free Cmb. Gravmag System | -6/Data Miner | Free Lgt. Regenerative Plating | -6/Data Miner | Free Combat Drone Bay | -6/Data Miner | Free Imp. Arc Thrower | -4/Zhirov | Free Exp. Optical Array | -4/Zhirov | Free Exp. Heat Sink | -4/Zhirov | Free Assault Drone Bay | -4/Zhirov | Free Robot Schematics ------------------ G-50 Soldier | -6/Data Miner | Free I-36 Angel | -6/Data Miner | Free S-27 Virus | -6/Data Miner | Free Fabricated ------------ Lrn. Sensor Array | x1 | -7/Factory S-43 Plague | x4 | -2/Research | Preloaded Alien Tech Used ----------------- Integrated Dissipator Transdimensional Reconstructor High-powered Transdimensional Reconstructor Achievements -------------- Ambidextrous Exposed Challenges ------------ None Game ------ Seed MakeshiftScanBooster Manual? 0 Play Time 10:01:13 Cumulative 423.8 hours Start 2021.12.16 @ 14:59:04 End 2021.12.24 @ 13:22:02 Sessions 25 Manual Loads 0 Difficulty Rogue Special Mode None Game No. 106 Rogue 83 Adventurer 23 Explorer 0 Win Type 0 Total 16 Types 12/0/2/1/0/0/0/1/0 Lore% 92 Gallery% 93 Achievement% 78 Wizard Run 0 Options --------- ASCII 0 Keyboard 0 Movement Mouse Keybinds 0 Fullscreen 1 Font 18/SmallcapsGlow Map View 76x50 Tactical HUD 1 Map Filters NONE Filters NONE Steam 1 RUN: ec76472f-19b3-4211-ac68-e1dc29d38bee